 Dungeon Crawl Stone Soup version 0.21.1-1-g345015f (webtiles) character file.

424 Fang the Chopper (level 6, -3/39 HPs)
             Began as a Gargoyle Berserker on June 1, 2018.
             Was a Priest of Trog.
             Slain by an ogre
             ... wielding a +0 giant spiked club
              (26 damage)
             ... on level 4 of the Dungeon.
             The game lasted 00:02:23 (2455 turns).

Fang the Chopper (Gargoyle Berserker)               Turns: 2455, Time: 00:02:24

Health: -3/39      AC:  7    Str: 22    XL:     6   Next: 96%
Magic:  6/6        EV: 12    Int:  8    God:    Trog [***...]
Gold:   230        SH:  0    Dex:  9    Spells: 5/5 levels left

rFire    x . .     SeeInvis .   d - +1 hand axe (venom)
rCold    + . .     Gourm    .   (no shield)
rNeg     + . .     Faith    .   b - +0 animal skin
rPois    ∞         Spirit   .   y - +1 hat
rElec    +         Reflect  .   (no cloak)
rCorr    .         Harm     .   (no gloves)
MR       .....                  (no boots)
Stlth    ..........             (no amulet)
HPRegen  0.13/turn              e - ring of loudness (curse)
MPRegen  0.10/turn              A - ring of ice

@: no status effects
A: negative energy resistance 1, electricity resistance, unbreathing,
petrification resistance, rot immunity, AC +4
a: Berserk, Trog's Hand, Burn Spellbooks, Renounce Religion


You were on level 4 of the Dungeon.
You worshipped Trog.
Trog was most pleased with you.
You were hungry.

You visited 1 branch of the dungeon, and saw 4 of its levels.

You collected 230 gold pieces.

Inventory:

Hand Weapons
 a - a +0 hand axe
 d - a +1 hand axe of venom (weapon)
Armour
 b - a +0 animal skin (worn)
 y - a +1 hat (worn)
Jewellery
 e - a cursed ring of loudness (left hand)
 m - an uncursed ring of magical power
 A - a ring of ice (right hand)
Wands
 w - a wand of paralysis (12)
Scrolls
 g - 2 scrolls of teleportation {unknown}
 j - 2 scrolls of remove curse {unknown}
 k - a scroll of fog {unknown}
 n - a scroll of enchant weapon {unknown}
 o - a scroll of noise {unknown}
 q - a scroll of amnesia {unknown}
 t - a scroll of identify {unknown}
 u - a scroll of fear {unknown}
 x - a scroll of magic mapping {unknown}
Potions
 f - a potion of brilliance {unknown}
 h - a potion of flight {unknown}
 i - 2 potions of agility {unknown}
 l - 2 potions of curing {unknown}
 p - a potion of heal wounds {unknown}
 r - a potion of berserk rage {unknown}
 s - a potion of magic {unknown}
 v - a potion of lignification {unknown}
Comestibles
 c - 6 rations


   Skills:
 + Level 4.6 Fighting
 + Level 5.3 Axes
 + Level 2.6 Armour
 + Level 3.0 Dodging
 + Level 1.1 Stealth


You had 5 spell levels left.
You didn't know any spells.

Dungeon Overview and Level Annotations

Branches:
Dungeon (4/15)
 Temple: D:4-7

Altars:
Ashenzari
Cheibriados
Gozag
Makhleb

Shops:
D:3 *


Innate Abilities, Weirdness & Mutations

You are resistant to torment.
Your stone body is resilient. (AC +4)
You are immune to poison.
You resist negative energy. (rN+)
You are resistant to electric shocks. (rElec)
You can survive without breathing.
You are immune to petrification.
You are immune to rotting.


Message History

Trog accepts your kill.
No target in view!
You now have 230 gold pieces (gained 7).
An ogre comes into view. It is wielding a giant spiked club.
The ogre shouts!
An ogre is nearby!
An ogre is nearby!
Found a stone staircase leading up.
The ogre closely misses you.
You barely miss the ogre. You barely miss the ogre.
The ogre hits you with a giant spiked club.
You completely miss the ogre. The ogre completely misses you.
You hit the ogre.
The ogre is poisoned.
The ogre is lightly wounded.
You hit the ogre.
The ogre looks as sick as possible!
The ogre is lightly wounded.
The ogre hits you with a giant spiked club!!
Ouch! That really hurt!
You die...

#.. #.. ##.. .. #...##
#.. #....### #..
#......## #..
##...O...## #.
.#....@....## #.
.............## #..
#.............######....
#.<..................###
##................#
###.#######....### ##
##...# #..## ##.#


You could see an ogre.

Vanquished Creatures
  The ghost of leafyfresh the Changer, an amateur MfTm of Cheibriados (D:3)
  2 orc wizards (D:4)
  3 orc priests
  5 adders
  4 oozes
  3 worms
  4 dart slugs
  2 leopard geckos
  5 orcs
  4 giant cockroaches
  6 goblins
  8 hobgoblins
  8 jackals
  7 kobolds
  4 quokkas
  4 bats
  2 frilled lizards (D:1)
  5 rats
77 creatures vanquished.

Notes
Turn   | Place    | Note
-------+----------+-------------------------------------------
     0 | D:1      | Fang the Gargoyle Berserker began the quest for the Orb.
     0 | D:1      | Reached XP level 1. HP: 14/14 MP: 1/1
    98 | D:1      | Reached XP level 2. HP: 17/19 MP: 2/2
   100 | D:1      | Reached skill level 3 in Axes
   524 | D:1      | Reached XP level 3. HP: 23/23 MP: 3/3
  1127 | D:2      | Reached ** piety under Trog
  1159 | D:2      | Reached XP level 4. HP: 29/29 MP: 4/4
  1701 | D:3      | Noticed leafyfresh's ghost (amateur MfTm)
  1712 | D:3      | Killed leafyfresh's ghost
  1712 | D:3      | Reached skill level 4 in Axes
  1712 | D:3      | Reached XP level 5. HP: 33/33 MP: 5/5
  1712 | D:3      | Reached XP level 6. HP: 38/38 MP: 6/6
  1855 | D:3      | Found Gozag's Platinum Reserve.
  1855 | D:3      | Found an opulent altar of Gozag.
  1885 | D:3      | Found a burning altar of Makhleb.
  1991 | D:3      | Found a snail-covered altar of Cheibriados.
  2213 | D:4      | Found a shattered altar of Ashenzari.
  2282 | D:4      | Reached skill level 5 in Axes
  2282 | D:4      | Reached skill level 1 in Stealth
  2286 | D:4      | Reached *** piety under Trog
  2297 | D:4      | Found an opulent altar of Gozag.
  2455 | D:4      | Slain by an ogre

Skill      XL: |  1  2  3  4  5  6 |
---------------+-------------------+-----
Axes           | 3 4 5 |  5.3
Dodging        | 2 3 |  3.0
Fighting       | 4 |  4.6
Stealth        | 1 |  1.1
Armour         | |  2.6

Action                   |  1- 3 |  4- 6 || total
-------------------------+-------+-------++-------
Melee: Hand axe          |    62 |   124 ||   186
Invok: Berserk           |       |     2 ||     2
  Eat: Chunk             |       |     6 ||     6
Armor: Animal skin       |    27 |    45 ||    72
Dodge: Dodged            |    35 |    77 ||   112
